 Dungeon Crawl Stone Soup version 0.29.1-13-g9f3cf754e1 (webtiles) character file.

Game seed: 10150835110882395656

305285 destino the Slayer (level 21, -5/247 HPs)
             Began as an Ogre Monk on Feb 2, 2023.
             Was a High Priest of Qazlal.
             Slain by a peacekeeper (29 damage)
             ... in the Desolation of Salt on Feb 5, 2023.
             The game lasted 02:53:05 (50617 turns).

destino the Slayer (Ogre Monk)                     Turns: 50617, Time: 02:53:05

Health: -5/247     AC: 19    Str: 26    XL:     21   Next: 13%
Magic:  11/25      EV: 10    Int: 17    God:    Qazlal [*****.]
Gold:   1534       SH: 37    Dex: 22    Spells: 30/30 levels left

rFire   . . .      SeeInvis +   f - +8 demon trident (vamp)
rCold   + + .      Faith    .   K - +18 shield of the Gong {rElec rN+ Will+ EV-5}
rNeg    + + +      Spirit   .   N - +0 ice dragon scales
rPois   +          Reflect  .   w - +2 hat of the Ancient Eyes {rC+ rN++ Dex+5}
rElec   +          Harm     .   S - scarf {shadows}
rCorr   +          Rampage  .   (gloves unavailable)
Will    +++++                   (boots unavailable)
Stlth   +.........              Z - amulet of Vasureoh {Acrobat rElec rPois Str-2 SInv}
HPRegen 0.51/turn               Q - ring "Heceeq" {rN+ rCorr Int+6 Dex+2}
MPRegen 0.19/turn               Y - ring "Joer" {Fire Will+++ MP-9 Str+5}

@: mighty, about to teleport, protected from physical damage, hasted, repel
missiles, very quick
A: large, unfitting armour, tough skin 1, talons 1, clumsy 1
}: 2/15 runes: barnacled, gossamer
a: Renounce Religion, Upheaval, Elemental Force, Disaster Area


You were in the Desolation of Salt.
You worshipped Qazlal.
Qazlal was extremely pleased with you.
You visited 8 branches of the dungeon, and saw 36 of its levels.
You also visited: Bailey, Ice Cave and Desolation.

You collected 5395 gold pieces.
You spent 3861 gold pieces at shops.

Inventory:

Hand Weapons
 f - a +8 vampiric demon trident (weapon)
Missiles
 m - 6 throwing nets
 n - 12 javelins
 B - 33 boomerangs (quivered)
 J - 4 silver boomerangs
Armour
 w - the +2 hat of the Ancient Eyes (worn) {rC+ rN++ Dex+5}
   (You found it on level 2 of the Orcish Mines)

   Dex:       It affects your dexterity (+5).
   rC:        It protects you from cold.
   rN:        It greatly protects you from negative energy.
 K - the +18 shield of the Gong (worn) {rElec rN+ Will+ EV-5}
   (You acquired it on level 4 of the Spider Nest)

   It is deafeningly noisy when blocking attacks.
   EV:        It affects your evasion (-5).
   rElec:     It insulates you from electricity.
   rN:        It protects you from negative energy.
   Will:      It increases your willpower.
 N - +0 ice dragon scales (worn)
 S - a scarf of shadows (worn)
Jewellery
 l - the ring "Kojeku" {Fly rElec rF+++ Str+5 Int-5}
   (You found it on level 5 of the Lair of Beasts)

   [ring of flight]

   Str:       It affects your strength (+5).
   Int:       It affects your intelligence (-5).
   rF:        It renders you almost immune to fire.
   rElec:     It insulates you from electricity.
   Fly:       It grants you flight.
 A - the ring of Iripnang {Fly rF+ Will+}
   (You found it on level 14 of the Dungeon)

   [ring of flight]

   rF:        It protects you from fire.
   Fly:       It grants you flight.
   Will:      It increases your willpower.
 Q - the ring "Heceeq" (left hand) {rN+ rCorr Int+6 Dex+2}
   (You found it in an ice cave)

   [ring of intelligence]

   Int:       It affects your intelligence (+6).
   Dex:       It affects your dexterity (+2).
   rN:        It protects you from negative energy.
   rCorr:     It protects you from acid and corrosion.
 Y - the ring "Joer" (right hand) {Fire Will+++ MP-9 Str+5}
   (You bought it in a shop on level 9 of the Dungeon)

   [ring of fire]

   It enhances your fire magic.
   Str:       It affects your strength (+5).
   rF:        It protects you from fire.
   rC:        It makes you vulnerable to cold.
   MP:        It affects your magic capacity (-9).
   Will:      It greatly increases your willpower.
 Z - the amulet of Vasureoh (around neck) {Acrobat rElec rPois Str-2 SInv}
   (You found it on level 5 of the Lair of Beasts)

   [amulet of the acrobat]

   It increases your evasion while moving and waiting.
   Str:       It affects your strength (-2).
   rElec:     It insulates you from electricity.
   rPois:     It protects you from poison.
   SInv:      It lets you see invisible.
Wands
 g - a wand of mindburst (3)
 j - a wand of polymorph (11)
 k - a wand of quicksilver (6)
 q - a wand of digging (12)
 x - a wand of paralysis (9)
 y - a wand of roots (21)
 U - a wand of flame (62)
Scrolls
 i - 5 scrolls of teleportation
 p - 3 scrolls of blinking
 r - 2 scrolls of immolation
 t - 3 scrolls of fear
 u - 16 scrolls of fog
 v - 7 scrolls of vulnerability
 D - 2 scrolls of silence
 F - 7 scrolls of poison
 R - 4 scrolls of torment
Potions
 a - 11 potions of curing
 c - 7 potions of ambrosia
 d - 5 potions of cancellation
 h - 8 potions of mutation
 s - 4 potions of magic
 z - 13 potions of attraction
 C - 2 potions of lignification
 G - 6 potions of haste
 P - 2 potions of resistance
 T - a potion of berserk rage
 V - 8 potions of might
Miscellaneous
 b - a phantom mirror
 I - a phial of floods
 W - a tin of tremorstones (2/2)


   Skills:
 + Level 22.5 Fighting
 - Level 2.2(9.3) Axes
 - Level 13.9(14.0) Polearms
 + Level 10.2 Throwing
 + Level 11.2 Armour
 + Level 12.8 Dodging
 - Level 1.4 Stealth
 + Level 12.0 Shields
 - Level 5.0 Spellcasting
 * Level 19.9 Invocations
 - Level 5.0 Evocations


You had 30 spell levels left.
You didn't know any spells.
Your spell library contained the following spells:

 Spells                   Type           Power      Damage    Failure   Level
 Apportation              Tloc           8%         N/A       47%         1
 Foxfire                  Conj/Fire      24%        2x1d5     47%         1
 Magic Dart               Conj           16%        1d3       47%         1
 Sandblast                Erth           8%         2d5       47%         1
 Summon Small Mammal      Summ           16%        N/A       47%         1
 Call Imp                 Summ           4%         N/A       63%         2
 Ensorcelled Hibernation  Hex/Ice        8%         N/A       63%         2
 Passwall                 Tmut/Erth      3%         N/A       63%         2
 Poisonous Vapours        Pois/Air       8%         N/A       63%         2
 Scorch                   Fire           12%        2d6       63%         2
 Static Discharge         Conj/Air       4%         3-4/arc   63%         2
 Sublimation of Blood     Necr           4%         N/A       63%         2
 Wereblood                Tmut           4%         N/A       63%         2
 Conjure Flame            Conj/Fire      6%         6-21      85%         3
 Dazzling Flash           Conj/Hex       8%         N/A       85%         3
 Inner Flame              Hex/Fire       6%         N/A       85%         3
 Mephitic Cloud           Conj/Pois/Air  4%         N/A       85%         3
 Spider Form              Tmut/Pois      4%         N/A       85%         3
 Stone Arrow              Conj/Erth      8%         3d7       85%         3
 Anguish                  Hex/Necr       2%         N/A       99%         4
 Animate Armour           Summ/Erth      8%         N/A       99%         4
 Cause Fear               Hex            2%         N/A       99%         4
 Corpse Rot               Necr/Pois/Air  4%         N/A       99%         4
 Dispel Undead            Necr           4%         3d7       99%         4
 Flame Wave               Conj/Fire      6%         2d5       99%         4
 Hailstorm                Conj/Ice       4%         3d4       99%         4
 Iskenderun's Mystic Bla  Conj/Tloc      4%         2d3       99%         4
 Leda's Liquefaction      Hex/Erth       2%         N/A       99%         4
 Petrify                  Tmut/Erth      4%         N/A       99%         4
 Sticky Flame             Conj/Fire      6%         2d3       99%         4
 Alistair's Intoxication  Tmut/Pois      2%         N/A       100%        5
 Blade Hands              Tmut           2%         N/A       100%        5
 Borgnjor's Vile Clutch   Necr/Erth      2%         N/A       100%        5
 Irradiate                Conj/Tmut      2%         3d12      100%        5
 Lightning Bolt           Conj/Air       2%         1d13      100%        5
 Summon Forest            Summ/Tloc      2%         N/A       100%        5
 Summon Mana Viper        Hex/Summ       4%         N/A       100%        5
 Eringya's Noxious Bog    Tmut/Pois      2%         N/A       100%        6
 Iron Shot                Conj/Erth      2%         9d2       100%        6
 Starburst                Conj/Fire      3%         6d3       100%        6
 Summon Cactus Giant      Summ           2%         N/A       100%        6
 Dragon Form              Tmut           2%         N/A       100%        7
 Malign Gateway           Summ/Tloc      2%         N/A       100%        7
 Summon Hydra             Summ           2%         N/A       100%        7
 Discord                  Hex            2%         N/A       100%        8
 Summon Horrible Things   Summ           2%         N/A       100%        8
 Chain Lightning          Conj/Air       2%         3d2       100%        9
 Fire Storm               Conj/Fire      3%         8d1       100%        9
 Shatter                  Erth           2%         3d6*      100%        9


Dungeon Overview and Level Annotations

Branches:
Dungeon (15/15)            Temple (1/1) D:6            Lair (5/5) D:9
 Shoals (4/4) Lair:3       Spider (4/4) Lair:2        Slime (0/5) Lair:4
    Orc (2/2) D:9             Elf (3/3) Orc:2        Vaults (2/5) D:14
 Depths (0/4) D:15         Bailey (visited)           IceCv (visited)
Desolation (1/1)
  Crypt: Vaults:2-3

Altars:
Ashenzari
Cheibriados
Dithmenos
Elyvilon
Fedhas
Gozag
Hepliaklqana
Kikubaaqudgha
Makhleb
Nemelex Xobeh
Okawaru
Qazlal
Ru
Sif Muna
Trog
Uskayaw
Vehumet
Wu Jian
Yredelemnul
Zin
The Shining One
Jiyva
Lugonu

Shops:
D:2 [   D:5 =   D:8 *   D:9 =   Orc:2 !(((   Elf:1 (   Elf:2 *!**=

Portals:
Abyss: Lair:5
Trove: D:10 (show slimy rune of Zot)


Innate Abilities, Weirdness & Mutations

You are too large for most types of armour.
You have tough skin. (AC +1)
You have sharp toenails.
You are clumsy. (Dex -2)


Message History

Your air elemental is destroyed!
Your air elemental disappears in a puff of smoke!
The ragged hierophant casts a spell.
The ragged hierophant begins to accept its allies' injuries.
You block the saltling's attack.
SHROANNG!
You hear a shout!
As you read the scroll of fear, it crumbles to dust.
You assume a fearsome visage.
The ironbound convoker looks frightened!
The saltling is unaffected.
The servant of whispers looks frightened!
The saltling is unaffected. x4; The peacekeeper is unaffected.
The saltling is unaffected. x2; The ragged hierophant looks frightened!
The saltling is unaffected.
The peacekeeper is unaffected.
The saltling is no longer paralysed. x2; The peacekeeper bites you!!
* * * LOW HITPOINT WARNING * * *
You feel more protected from physical attacks.
You block the peacekeeper's attack.
PANG!
Your fire elemental hits the peacekeeper.
Your fire elemental burns the peacekeeper!
The peacekeeper resists.
You block the peacekeeper's attack.
SHROANNG!
You block the peacekeeper's attack.
GONNNNG!
The ragged hierophant is struck by lightning.
The saltling hits you.
* * * LOW HITPOINT WARNING * * *
You hear a shout!
A crystal guardian comes into view.
Unknown command.
As you read the scroll of teleportation, it crumbles to dust.
You feel strangely unstable. You block the peacekeeper's attack.
GONNNNG!
You block the peacekeeper's attack.
GONNNNG!
Your fire elemental hits the peacekeeper.
Your fire elemental burns the peacekeeper!
The peacekeeper resists.
The peacekeeper bites you!!
You die...

.#.....##
.......##
.......##
......≈.......##
≈..#..≈...p..§##
........a...9○##
....≈†..a.999@##
....)).§9§9§9E##
..a.p9.§9§9999##
...L99.§§L§9.a##
...9a9).§§....##
.....9∩§§§§...##
....99..§.....##
..............#
..............#


You could see a ragged hierophant (fleeing), 2 servants of whispers, a halazid
warlock, a crystal guardian (strong), an ironbound convoker (sheltered,
fleeing), 2 peacekeepers, 9 saltlings and a friendly fire elemental (summoned).

Vanquished Creatures
  A golden dragon (IceCv)
  Arachne (Spider:3)
  A deep elf master archer (Elf:3)
  A deep elf blademaster (Elf:3)
  The ghost of vvl the Warrior, an adept DrEE of Jiyva (Orc:2)
  4 krakens (Shoals:3)
  7 ghost moths
  11 deep elf sorcerers
  A vault warden (Vaults:1)
  An orc warlord (Bailey)
  7 emperor scorpions
  Aizul (Shoals:1)
  4 deep elf elementalists (Elf:3)
  A broodmother (Spider:3)
  An ironbound preserver (Vaults:1)
  3 very ugly things
  4 deep elf demonologists
  5 entropy weavers
  An ironbound thunderhulk (Vaults:2)
  4 deep elf annihilators (Elf:3)
  3 dire elephants (Vaults:1)
  A minotaur (Orc:2)
  2 spark wasps (Spider:3)
  Snorg (D:9)
  3 ragged hierophants (Desolation)
  8 merfolk impalers
  A fire dragon (Lair:4)
  3 merfolk javelineers
  3 deep elf death magi (Elf:3)
  2 great orbs of eyes
  2 deep elf high priests (Elf:3)
  The ghost of Purph the Cleaver, a journeyman MiBe of Trog (Lair:1)
  5 yaktaur captains
  Harold (D:9)
  Erolcha (D:10)
  5 ice dragons (IceCv)
  4 hydras
  7 boulder beetles
  2 ogre magi
  6 peacekeepers
  An ironbound frostheart (Vaults:1)
  3 radroaches
  2 merfolk avatars
  2 alligator snapping turtles
  28 dancing weapons
  12 two-headed ogres
  A death knight (D:15)
  10 centaur warriors
  10 death yaks
  2 catoblepae
  8 merfolk aquamancers
  2 tengu warriors
  2 satyrs
  An orc high priest (Orc:2)
  Nergalle (Lair:1)
  2 thrashing horrors (Lair:5)
  14 deep elf knights
  7 pharaoh ants
  4 deep trolls (Vaults:1)
  2 sun moths
  A glowing orange brain (Vaults:2)
  An orb spider (shapeshifter) (Lair:5)
  8 deep elf archers
  12 steelbarb worms
  12 sea snakes
  13 orb spiders
  An orange crystal statue (IceCv)
  14 lindwurms
  7 ironbound convokers
  A wizard (Vaults:1)
  5 harpies (Shoals:4)
  7 orc sorcerers
  3 orc knights
  4 cyclopes
  26 deep elf pyromancers
  22 deep elf zephyrmancers
  13 wolf spiders
  A wolf spider (shapeshifter) (D:15)
  34 ugly things
  18 fauns
  A cyclops (shapeshifter) (D:14)
  2 large abominations (Lair:5)
  6 merfolk sirens
  14 elephants
  2 moths of wrath
  14 manticores
  2 guardian serpents (Desolation)
  3 black mambas
  Maurice (D:8)
  6 water nymphs
  2 vault sentinels (Vaults:1)
  3 cane toads
  2 smoke demons (Lair:5)
  3 torpor snails
  3 storm dragon simulacra (IceCv)
  A kobold demonologist (D:11)
  14 rime drakes
  14 yaktaurs
  A komodo dragon (shapeshifter) (Vaults:2)
  7 demonic crawlers
  2 freezing wraiths (Elf:1)
  4 komodo dragons
  An unseen horror (D:10)
  6 golden dragon simulacra (IceCv)
  33 merfolk
  A queen bee (Spider:1)
  An ancient zyme (Lair:5)
  9 meliai
  2 polar bears
  A meliai (shapeshifter) (D:13)
  6 trolls
  14 slime creatures
  4 wind drakes
  23 tarantellas
  13 dream sheep
  20 saltlings (Desolation)
  18 blink frogs
  A slime creature (shapeshifter) (Lair:5)
  10 snapping turtles
  26 jumping spiders
  27 culicivoras
  2 shadows
  9 water elementals
  2 air elementals (Elf:3)
  3 ynoxinuls (Lair:5)
  4 wyverns (D:9)
  3 fire elementals (Elf:3)
  4 wraiths
  A human (shapeshifter) (Lair:5)
  A basilisk (Lair:4)
  A hog (shapeshifter) (Lair:5)
  58 yaks
  11 steam dragons
  4 vampire mosquitoes
  A chaos spawn (Lair:5)
  55 redbacks
  Edmund (D:4)
  6 wargs
  3 acid dragons
  15 water moccasins
  A water moccasin (shapeshifter) (Elf:3)
  21 orc warriors
  2 black bears
  2 sky beasts (D:8)
  9 small abominations (Lair:5)
  9 ogres
  An ice beast (D:8)
  6 ice dragon simulacra (IceCv)
  5 wolves
  10 centaurs
  A phantom (D:5)
  A kobold brigand (D:9)
  16 bullfrogs
  A necrophage (D:8)
  4 earth elementals
  3 scorpions
  4 wights (D:7)
  2 lindwurm simulacra (IceCv)
  27 killer bees
  7 electric eels
  10 howler monkeys
  A crimson imp (Orc:2)
  6 jellies
  15 orc priests
  An iguana (D:6)
  An iron imp (Orc:2)
  3 gnoll boudas
  36 orc wizards
  Robin (D:2)
  7 adders
  13 gnolls
  2 shadow imps
  A white imp (Orc:2)
  2 ufetubi (D:6)
  2 worms
  2 dart slugs (D:2)
  59 orcs
  7 bats
  13 endoplasms
  3 giant cockroaches
  20 goblins
  8 hobgoblins
  6 jackals (D:1)
  8 ball pythons
  A frilled lizard (D:3)
  19 kobolds
  6 rats
  18 tentacles (Shoals:3)
1348 creatures vanquished.

Vanquished Creatures (collateral kills)
  A peacekeeper (Desolation)
  A golden dragon simulacrum (IceCv)
  8 saltlings (Desolation)
  An ice dragon simulacrum (IceCv)
  2 lindwurm simulacra (IceCv)
13 creatures vanquished.

Vanquished Creatures (others)
  A deep elf sorcerer (Elf:3)
  3 deep elf knights
  A deep elf pyromancer (Elf:1)
  2 deep elf zephyrmancers
  A rime drake (Lair:4)
  A merfolk (Shoals:4)
  2 jumping spiders
  2 water elementals
  A fire elemental (Elf:1)
  A steam dragon (Lair:4)
  A swamp drake (Orc:2)
  An orc wizard (Orc:2)
  A small abomination (Lair:5)
  A bush (D:9)
  17 fungi
  196 plants
  65 tentacles (Shoals:3)
297 creatures vanquished.

Grand Total: 1658 creatures vanquished

Notes
Turn   | Place    | Note
-------+----------+-------------------------------------------
     0 | D:1      | destino the Ogre Monk began the quest for the Orb.
     0 | D:1      | Reached XP level 1. HP: 24/24 MP: 1/1
   183 | D:1      | Found a faded altar of an unknown god.
   203 | D:1      | Reached XP level 2. HP: 32/32 MP: 2/2
   521 | D:1      | Reached XP level 3. HP: 40/40 MP: 3/3
  1238 | D:2      | Noticed Robin
  1287 | D:2      | Reached XP level 4. HP: 45/46 MP: 4/4
  1289 | D:2      | Killed Robin
  1457 | D:2      | Found Tiuntuh's Armour Emporium.
  1693 | D:3      | Reached skill level 5 in Fighting
  1908 | D:3      | Found a white marble altar of Elyvilon.
  2054 | D:3      | Found a basalt altar of Yredelemnul.
  2163 | D:3      | Reached XP level 5. HP: 57/57 MP: 5/5
  2515 | D:4      | Reached skill level 5 in Polearms
  2705 | D:4      | Noticed Edmund
  2718 | D:4      | Killed Edmund
  2719 | D:4      | Reached XP level 6. HP: 67/67 MP: 6/6
  2741 | D:4      | Reached skill level 6 in Fighting
  3093 | D:5      | Entered Level 5 of the Dungeon
  3173 | D:5      | Found Xateus's Jewellery Boutique.
  3216 | D:5      | Reached XP level 7. HP: 61/76 MP: 7/7
  3661 | D:5      | Reached skill level 7 in Fighting
  3882 | D:6      | Got the Omnibus of Charming Combat Magic
  3918 | D:6      | Found an ornate altar of the Wu Jian Council.
  3925 | D:6      | Found a staircase to the Ecumenical Temple.
  3934 | Temple   | Entered the Ecumenical Temple
  4100 | Temple   | Became a worshipper of Qazlal Stormbringer
  4100 | Temple   | Reached * piety under Qazlal
  4100 | Temple   | Reached ** piety under Qazlal
  4319 | D:6      | Reached XP level 8. HP: 81/87 MP: 8/8
  4460 | D:6      | Found a sacrificial altar of Ru.
  4787 | D:7      | Reached skill level 1 in Invocations
  4801 | D:7      | Reached skill level 8 in Fighting
  5401 | D:7      | Found a sparkling altar of Nemelex Xobeh.
  5402 | D:7      | Found a shimmering blue altar of Sif Muna.
  5551 | D:7      | Found a radiant altar of Vehumet.
  5792 | D:8      | Noticed Maurice
  5887 | D:8      | Reached XP level 9. HP: 89/97 MP: 11/11
  5953 | D:8      | Reached skill level 9 in Fighting
  5982 | D:8      | Found Dera's Mass Market.
  6025 | D:8      | Killed Maurice
  6026 | D:8      | Reached skill level 10 in Polearms
  6033 | D:8      | Reached skill level 5 in Invocations
  6059 | D:8      | Reached skill level 10 in Fighting
  6078 | D:8      | Reached XP level 10. HP: 25/110 MP: 12/14
  6092 | D:8      | Reached *** piety under Qazlal
  6128 | D:8      | Found a flagged portal.
  6268 | Bailey   | Entered a bailey
  6468 | Bailey   | Noticed an orc warlord
  6478 | Bailey   | Found the +0 pair of fencer's gloves {Riposte Dex+3}
  6602 | Bailey   | Found a runed translucent gate.
  6602 | Bailey   | Found a runed translucent gate.
  6602 | Bailey   | Found a runed translucent gate.
  6752 | Bailey   | HP: 5/111 [orc warlord/+6 battleaxe (18)]
  6916 | Bailey   | Killed an orc warlord
  6917 | Bailey   | Reached skill level 11 in Fighting
  7080 | D:8      | Acquired 515 gold pieces
  7378 | D:9      | Found an opulent altar of Gozag.
  7561 | D:9      | Identified the +2 hand axe "Beetlebane" {flame, rF- rC++
                  | Dex-5 Stlth+}
  7593 | D:9      | Found Imeawk's Jewellery Boutique.
  7598 | D:9      | Bought the ring "Joer" {Fire Will+++ MP-9 Str+5} for 619
                  | gold pieces
  7676 | D:9      | Reached **** piety under Qazlal
  7715 | D:9      | Noticed a two-headed ogre
  7723 | D:9      | Reached skill level 1 in Throwing
  7724 | D:9      | Killed a two-headed ogre
  7725 | D:9      | Reached skill level 1 in Evocations
  7725 | D:9      | Reached XP level 11. HP: 122/122 MP: 0/16
  8010 | D:9      | Found a bloodstained altar of Trog.
  8161 | D:9      | You are sucked into a shaft and drop 3 floors!
  8679 | D:10     | Entered Level 10 of the Dungeon
  8712 | D:10     | Noticed Erolcha
  8826 | D:10     | Killed Erolcha
  8913 | D:10     | Identified the +1 chain mail of Fun and Games {rN++ Int-3}
  9201 | D:9      | Reached skill level 12 in Fighting
  9406 | D:9      | Found a staircase to the Lair.
  9626 | D:9      | Found a staircase to the Orcish Mines.
  9913 | D:10     | Found a portal to a secret trove of treasure.
  9941 | D:10     | Noticed an orc knight
 10038 | D:10     | Reached skill level 1 in Spellcasting
 10301 | D:10     | Noticed a boulder beetle
 10365 | D:9      | Killed a boulder beetle
 10666 | D:11     | Noticed a cyclops
 10707 | D:11     | Killed a cyclops
 10737 | D:11     | Reached skill level 5 in Dodging
 10914 | D:11     | Noticed a cyan ugly thing
 10930 | D:11     | Killed a cyan ugly thing
 10931 | D:11     | Reached XP level 12. HP: 133/133 MP: 19/19
 11331 | Lair:1   | Entered Level 1 of the Lair of Beasts
 11412 | Lair:1   | Noticed Nergalle
 11430 | Lair:1   | Killed Nergalle
 11595 | Lair:1   | Noticed a boulder beetle
 11644 | Lair:1   | Killed a boulder beetle
 11806 | Lair:1   | Found a runed translucent gate.
 11806 | Lair:1   | Found a runed translucent gate.
 11806 | Lair:1   | Found a runed translucent gate.
 11809 | Lair:1   | Noticed Purph's ghost (journeyman MiBe)
 11968 | Lair:1   | Found a glowing golden altar of the Shining One.
 12181 | Lair:1   | Found a viscous altar of Jiyva.
 12275 | Lair:2   | Found a hole to the Spider Nest.
 12567 | Lair:2   | Reached skill level 13 in Fighting
 12769 | Lair:2   | Noticed a six-headed hydra
 12780 | Lair:2   | Killed a six-headed hydra
 12781 | Lair:2   | Reached skill level 5 in Throwing
 12781 | Lair:2   | Reached skill level 1 in Armour
 13271 | Lair:3   | Reached skill level 10 in Invocations
 13596 | Lair:3   | Reached ***** piety under Qazlal
 13607 | Lair:3   | Reached skill level 5 in Spellcasting
 13621 | Lair:3   | Reached skill level 5 in Evocations
 13621 | Lair:3   | Reached XP level 13. HP: 60/144 MP: 7/20
 13779 | Lair:3   | Found a staircase to the Shoals.
 14376 | Lair:3   | Reached skill level 1 in Axes
 14685 | Lair:4   | Found a staircase to the Slime Pits.
 14685 | Lair:4   | Found a viscous altar of Jiyva.
 14883 | Lair:4   | Identified the +5 spear of the Equator {freeze, Fly rC+
                  | Stlth-}
 14935 | Lair:4   | Reached skill level 14 in Fighting
 15121 | Lair:4   | Acquired a +2 vampiric demon trident
 15228 | Lair:4   | Noticed a fire dragon
 15272 | Lair:4   | Killed a fire dragon
 15862 | Lair:5   | Entered Level 5 of the Lair of Beasts
 15890 | Lair:4   | HP: 2/148 [death yak (19)]
 16326 | Lair:5   | Reached XP level 14. HP: 131/157 MP: 22/22
 16556 | Lair:5   | Reached skill level 5 in Armour
 16586 | Lair:5   | Reached skill level 15 in Fighting
 17129 | Lair:5   | Identified the ring "Kojeku" {Fly rElec rF+++ Str+5 Int-5}
 17388 | Lair:5   | Found a corrupted altar of Lugonu.
 17388 | Lair:5   | Found a one-way gate to the infinite horrors of the Abyss.
 17394 | Lair:5   | Identified the amulet of Vasureoh {Acrobat rElec rPois
                  | Str-2 SInv}
 17930 | Orc:1    | Entered Level 1 of the Orcish Mines
 17930 | Orc:1    | Noticed Snorg
 17943 | Orc:1    | Noticed Harold
 17946 | D:9      | Killed Snorg
 17949 | D:9      | Reached skill level 16 in Fighting
 18032 | D:9      | Killed Harold
 18104 | Orc:1    | Found an iron altar of Okawaru.
 18430 | Orc:2    | Entered Level 2 of the Orcish Mines
 18513 | Orc:2    | Reached XP level 15. HP: 155/169 MP: 24/24
 18537 | Orc:2    | Reached ****** piety under Qazlal
 19395 | Orc:2    | Noticed vvl's ghost (adept DrEE)
 19427 | Orc:2    | Found a runed translucent gate.
 19427 | Orc:2    | Found a runed translucent gate.
 19427 | Orc:2    | Found a runed translucent gate.
 19494 | Orc:2    | Found Piv Cuzi's Distillery.
 19494 | Orc:2    | Found Wicik's Weapon Boutique.
 19495 | Orc:2    | Found Rakygh's Antique Weapon Shop.
 19499 | Orc:2    | Found Nustaf's Weapon Shop.
 19552 | Orc:2    | Found a staircase to the Elven Halls.
 19919 | Orc:2    | Identified the +2 hat of the Ancient Eyes {rC+ rN++ Dex+5}
 20111 | Orc:2    | Bought 2 potions of mutation for 192 gold pieces
 20111 | Orc:2    | Bought a potion of resistance for 120 gold pieces
 20111 | Orc:2    | Bought 2 potions of haste for 240 gold pieces
 20111 | Orc:2    | Bought a potion of curing for 36 gold pieces
 20111 | Orc:2    | Bought 2 potions of ambrosia for 192 gold pieces
 20111 | Orc:2    | Bought a potion of haste for 120 gold pieces
 20111 | Orc:2    | Bought a potion of might for 48 gold pieces
 20383 | D:12     | Reached skill level 17 in Fighting
 21537 | D:14     | Identified the amulet "Quebb" {RegenMP Str+4 Int+3 Stlth-}
 21559 | D:14     | Reached skill level 18 in Fighting
 22087 | D:14     | Reached skill level 15 in Invocations
 22346 | D:14     | Identified the ring of Iripnang {Fly rF+ Will+}
 22354 | D:14     | Found a gate to the Vaults.
 22570 | D:15     | Entered Level 15 of the Dungeon
 23302 | D:15     | Reached XP level 16. HP: 185/188 MP: 27/27
 24214 | D:15     | Reached skill level 1 in Shields
 24273 | D:15     | Reached skill level 19 in Fighting
 24343 | D:15     | Found a staircase to the Depths.
 24764 | Spider:1 | Entered Level 1 of the Spider Nest
 27053 | Spider:2 | Gained mutation: You are frail. (-10% HP) [mutagenic glow]
 27250 | Spider:2 | Reached skill level 5 in Shields
 27886 | Spider:2 | Reached XP level 17. HP: 178/178 MP: 29/29
 29336 | Spider:3 | Gained mutation: You are weak. (Str -2) [mutagenic glow]
 31382 | Spider:3 | Reached skill level 20 in Fighting
 31472 | Spider:3 | Reached skill level 10 in Dodging
 31813 | Spider:3 | Identified the +1 helmet "Toqecs" {Rampage}
 32040 | Spider:4 | Entered Level 4 of the Spider Nest
 32741 | Spider:3 | HP: 8/180 [spark wasp (5)]
 33113 | Spider:4 | Noticed Arachne
 33992 | Spider:3 | Lost mutation: You are frail. (-10% HP) [potion of
                  | mutation]
 33992 | Spider:3 | Lost mutation: You are weak. (Str -2) [potion of mutation]
 33992 | Spider:3 | Gained mutation: You are clumsy. (Dex -2) [potion of
                  | mutation]
 33992 | Spider:3 | Gained mutation: You have sharp toenails. [potion of
                  | mutation]
 34086 | Shoals:1 | Entered Level 1 of the Shoals
 35787 | Shoals:2 | Noticed Aizul
 35815 | Shoals:1 | Killed Aizul
 36011 | Shoals:2 | Reached XP level 18. HP: 194/211 MP: 30/30
 38352 | Shoals:4 | Entered Level 4 of the Shoals
 38857 | Shoals:4 | Reached skill level 10 in Shields
 38913 | Shoals:4 | Identified the +5 shortbow of Zextehi {speed, rPois rC+++
                  | Str-5 Dex+3}
 39608 | Shoals:4 | Reached skill level 21 in Fighting
 40141 | Shoals:4 | Got a barnacled rune of Zot
 40792 | Spider:3 | Killed Arachne
 41133 | Spider:4 | Acquired the +18 shield of the Gong {rElec rN+ Will+ EV-5}
 41133 | Spider:4 | Found the +18 shield of the Gong {rElec rN+ Will+ EV-5}
 41222 | Spider:4 | Identified the +2 pair of gloves "Quddic" {-Tele Rampage
                  | Stlth+}
 41380 | Spider:4 | Reached XP level 19. HP: 152/223 MP: 23/31
 41641 | Spider:4 | Got a gossamer rune of Zot
 41902 | Elf:1    | Entered Level 1 of the Elven Halls
 41947 | Elf:1    | Found Sezuogh's Antique Weapon Shop.
 42066 | Elf:1    | Found a frozen archway.
 42084 | IceCv    | Entered an ice cave
 42134 | IceCv    | HP: 9/223 [storm dragon simulacrum (6)]
 43009 | IceCv    | Noticed a golden dragon
 43023 | IceCv    | Killed a golden dragon
 43261 | IceCv    | Identified the ring "Heceeq" {rN+ rCorr Int+6 Dex+2}
 43265 | IceCv    | Identified the ring of Huturifa {Int+4 SInv Stlth+}
 43422 | Elf:1    | You are sucked into a shaft and drop 1 floor!
 43445 | Elf:2    | Reached skill level 10 in Armour
 43482 | Elf:2    | Found a runed translucent gate.
 43482 | Elf:2    | Found a runed translucent gate.
 43483 | Elf:2    | Found a runed translucent gate.
 44195 | Elf:2    | Identified the ring "Xues" {Wiz rF+ Int+5}
 44197 | Elf:2    | Found Biamotwu's General Store.
 44578 | Elf:2    | Acquired 725 gold pieces
 44676 | Elf:1    | Found a radiant altar of Vehumet.
 44967 | Elf:1    | Got the Quarto of Disestablishmentarianism
 45185 | Elf:2    | Found Nunyotel's Distillery.
 45193 | Elf:2    | Bought a potion of curing for 54 gold pieces
 45193 | Elf:2    | Bought a potion of might for 72 gold pieces
 45193 | Elf:2    | Bought a potion of might for 72 gold pieces
 45193 | Elf:2    | Bought a potion of curing for 54 gold pieces
 45193 | Elf:2    | Bought a potion of curing for 54 gold pieces
 45193 | Elf:2    | Bought a potion of heal wounds for 90 gold pieces
 45193 | Elf:2    | Bought a potion of heal wounds for 90 gold pieces
 45193 | Elf:2    | Bought a potion of attraction for 54 gold pieces
 45209 | Elf:2    | Found Ihothru's Assorted Antiques.
 45216 | Elf:2    | Bought a lead wand for 112 gold pieces
 45216 | Elf:2    | Bought a scroll of magic mapping for 210 gold pieces
 45216 | Elf:2    | Bought a scroll of fog for 112 gold pieces
 45216 | Elf:2    | Bought a scroll of fog for 112 gold pieces
 45406 | Elf:2    | Found Keylaukk's Assorted Antiques.
 45413 | Elf:2    | Bought a scroll of enchant armour for 202 gold pieces
 45413 | Elf:2    | Bought a potion of curing for 81 gold pieces
 45413 | Elf:2    | Bought a potion of curing for 81 gold pieces
 45413 | Elf:2    | Bought a wand of quicksilver (4) for 453 gold pieces
 45413 | Elf:2    | Bought a scroll of torment for 256 gold pieces
 45413 | Elf:2    | Bought a potion of berserk rage for 135 gold pieces
 45424 | Elf:2    | Found Qithruno's Jewellery Shoppe.
 45571 | Elf:3    | Entered Level 3 of the Elven Halls
 45749 | Elf:3    | Paralysed by an air elemental for 1 turns
 45883 | Elf:3    | Reached XP level 20. HP: 225/236 MP: 24/33
 46377 | Elf:3    | Identified the +3 leather armour of Past Mistakes {Int+5
                  | Dex+7 Stlth-}
 47056 | Elf:3    | Reached skill level 22 in Fighting
 47103 | Elf:3    | Identified the +5 war axe "Vyrha" {protect, rPois Dex+2}
 48534 | Lair:1   | Killed Purph's ghost
 48705 | Orc:2    | Killed vvl's ghost
 48954 | Vaults:1 | Entered Level 1 of the Vaults
 50493 | Vaults:2 | Reached skill level 10 in Throwing
 50520 | Vaults:2 | Found a crumbling gateway.
 50527 | Desolati | Entered the Desolation of Salt
 50552 | Desolati | Reached XP level 21. HP: 126/247 MP: 16/34
 50617 | Desolati | Slain by a peacekeeper

Illustrated notes

Levels and vault maps discovered:
D:1:      nicolae_arrival_somewhat_less_tricky_arrival, layout_loops_corners,
          chequers_ecumenical_altar_simple_redux, grunt_decor_junction
D:2:      layout_basic, serial_shops, nicolae_shop_stone, uniq_robin
D:3:      layout_rooms, kennysheep_ying_yang, kennysheep_generic_room_13
D:4:      layout_cave_pods, uniq_edmund
D:5:      layout_loops_ring, minmay_shop_enchanted_jewellery
D:6:      layout_basic, nicolae_ru_sacrificial_ziggurat,
          mainiacjoe_overflow_brackets, minmay_temple_entry_crystal_x,
          grunt_ministairs_11
D:7:      layout_loops_corners, nicolae_overflow_hidden_temple
D:8:      layout_cave_pools, enter_bailey_3, chequers_serial_rivers_marsh,
          minmay_shop_mass, uniq_maurice
D:9:      layout_stronghold, marbit_many_paths, old_standard_altar,
          minmay_lair_entry_grove, orc_0_dummy, serial_shops,
          kennysheep_little_box
D:10:     layout_long_grid, enter_trove_1, wad_dig_loot, uniq_erolcha
D:11:     layout_roguey
D:12:     layout_long_grid
D:13:     layout_basic
D:14:     layout_basic, erik_vaults_1, hangedman_decor_opposing,
          kennysheep_generic_room_6
D:15:     gammafunk_enter_depths_forms, layout_loops_ring
Temple:   nicolae_temple_slightly_damp_pantheon
Lair:1:   layout_regular_city, gammafunk_ghost_ooze, basic_altar,
          nicolae_lair_grove_arrangements, uniq_nergalle
Lair:2:   layout_cave_pods, spider_nest_entry_webs,
          grunt_forest_small_clearing_treed, grunt_megastairs_5
Lair:3:   layout_chaotic_city, minmay_shoals_entry_lonely_mermaid
Lair:4:   layout_hall_layers, slime_entry_1, minivault_27, serial_bayou_ford_a,
          bobbens_dragon_lair_wall
Lair:5:   hellmonk_lair_end_abyssal_woods, layout_concentric_octagons
Shoals:1: layout_shoals
Shoals:2: layout_shoals, uniq_aizul
Shoals:3: layout_shoals, nicolae_shoals_kraken_party
Shoals:4: shoals_end_grunt_garden, layout_shoals
Spider:1: layout_spider_delve, nicolae_looking_at_the_future
Spider:2: layout_spider_delve, guppyfry_spider_mini_1
Spider:3: layout_spider_delve, nicolae_spider_circle_web
Spider:4: grunt_spider_rune_circles, uniq_arachne
Orc:1:    layout_caves, okawaru_metal_pillars_1_2, uniq_snorg, uniq_harold
Orc:2:    st_orc_mages, layout_caves, maelrawn_ghost_gauntlet_escape,
          nicolae_orc_stony_grotto, nicolae_orc_pool_cavern,
          hangedman_minor_magic
Elf:1:    layout_gridlike, basic_altar, serial_shops, nicolae_shop_statue_plus,
          portal_ice_cave_entry_horrid_things, serial_aquarium,
          aquarium_bridge_straight [aquarium_subvault_bridge,
          aquarium_subvault_wall, aquarium_subvault_bridge,
          aquarium_subvault_wall], aquarium_window_1, aquarium_window_2,
          aquarium_window_1, aquarium_view_2c, minmay_elf_sorcery
Elf:2:    nicolae_elf_blades_crystal_corner, layout_geoelf_diagonals,
          serial_shops, nicolae_shop_competitors_out_of_business, shop,
          shop_fountains, shop, nicolae_shop_waterfront
Elf:3:    minmay_elf_hall_dome, layout_geoelf_castle, grunt_megastairs_1
Vaults:1: v_misc_16, vaults_dpeg_hooks, nicolae_vaults_asterisk,
          ontoclasm_vaults_gateway, ontoclasm_vaults_twist,
          hangedman_vaults_pinch, vaults_room_grid,
          vaults_standard_mumra_enter_the_diamond,
          nicolae_vaults_diagonal_hallway_6, vaults_dpeg_encased_lava,
          layout_vaults_omnigrid
Vaults:2: portal_desolation_entry_nicolae_forbidding_blocks,
          hangedman_vaults_nails, nicolae_vaults_specimen_jars, v_pattern_5,
          st_octagons_2, nicolae_vaults_big_ls, nicolae_vaults_sealed_display,
          ontoclasm_vaults_bender, nicolae_vaults_network_quinsquares
          [nicolae_vaults_network_quincunx_subvault,
          nicolae_vaults_network_quincunx_subvault,
          nicolae_vaults_network_quincunx_subvault,
          nicolae_vaults_network_quincunx_subvault], v_misc_18,
          nicolae_vaults_little_squares_2, v_misc_14, vaults_dpeg_spiral,
          layout_vaults_omnibox
Desolation

Skill      XL: |  1  2  3  4  5  6  7  8  9 10 11 12 13 14 15 16 17 18 19 20 21 |
---------------+----------------------------------------------------------------+-----
Dodging        | 3 5 6 7 8 9 10 11 12 | 12.8
Polearms       | 4 5 6 7 9 10 12 13 | 13.9
Fighting       | 5 6 7 8 10 11 12 13 14 16 18 19 20 21 22 | 22.5
Invocations    | 3 5 7 9 10 11 13 15 16 17 18 19 | 19.9
Throwing       | 1 4 5 7 8 10 | 10.2
Evocations     | 1 3 5 |  5.0
Spellcasting   | 2 5 |  5.0
Armour         | 2 4 6 7 8 9 10 11 | 11.2
Axes           | 2 |  2.2
Shields        | 6 9 10 11 12 | 12.0
Stealth        | |  1.4

Action                   |  1- 3 |  4- 6 |  7- 9 | 10-12 | 13-15 | 16-18 | 19-21 || total
-------------------------+-------+-------+-------+-------+-------+-------+-------++-------
Melee: Spear             |   147 |   144 |   307 |  1069 |   121 |       |       ||  1788
       Punch             |       |       |     2 |    13 |    17 |     4 |       ||    36
       Demon trident     |       |       |       |       |  1341 |  2286 |  1493 ||  5120
       War axe           |       |       |       |       |    30 |       |       ||    30
       Kick              |       |       |       |       |       |   256 |   622 ||   878
Throw: Boomerang         |       |       |       |    24 |    13 |    56 |    38 ||   131
       Dart              |       |       |       |     9 |       |       |       ||     9
Invok: Upheaval          |       |       |       |    10 |     3 |    15 |    14 ||    42
       Disaster Area     |       |       |       |       |       |     3 |     5 ||     8
       Elemental Force   |       |       |       |       |       |       |     2 ||     2
Evoke: Wand              |       |       |       |    12 |       |     1 |       ||    13
  Use: Scroll            |       |     8 |     6 |     6 |    15 |     8 |    14 ||    57
       Potion            |       |       |     1 |     1 |     5 |    13 |    12 ||    32
 Stab: Sleeping          |     7 |     8 |       |       |       |       |       ||    15
       Paralysed         |       |       |       |    24 |       |       |       ||    24
       Petrified         |       |       |       |       |     6 |       |       ||     6
Armor: Robe              |    60 |    26 |    65 |   119 |       |       |       ||   270
       Troll leather arm |       |       |       |    93 |    82 |       |       ||   175
       Fire dragon scale |       |       |       |       |   285 |   660 |    91 ||  1036
       Ice dragon scales |       |       |       |       |       |       |   112 ||   112
Dodge: Dodged            |    90 |    26 |    69 |   322 |   555 |   722 |   158 ||  1942
       Repelled          |       |       |       |     3 |    21 |    22 |    10 ||    56
Block: Other             |       |       |    50 |   207 |   482 |    32 |       ||   771
       Reflection        |       |       |       |     1 |     5 |       |       ||     6
       Kite shield       |       |       |       |       |       |  1981 |  1531 ||  3512
